Map: 16-Bit LE

Players

Vlign - Winner!

  • Race: Terran Terran
  • League: Diamond
  • Spawn Location: 1:00

Thoward

  • Race: Protoss Protoss
  • League: Diamond
  • Spawn Location: 7:00

VOD

Have the link to the VOD?

Description

Time

  • Played on: July 15, 2018, 10:28 p.m.
  • Length: 8:52
Show
View Real Time Build Order
Export as new Build Order

Vlign Terran - Winner!

Build Orders:  

Get SALT Encoding   

  12  0:00  SCV  
  13  0:13  SCV  
  14  0:18  Supply Depot  
  14  0:25  SCV  
  15  0:30  Refinery  
  15  0:39  SCV  
  16  0:48  Barracks  
  16  0:53  SCV  
  17  1:05  SCV  
  18  1:17  SCV  
  19  1:29  SCV  
  20  1:35  Reaper  
  21  1:41  Orbital Command  
  21  1:47  Supply Depot  
  20  2:00  Factory  
  20  2:05  Refinery  
  20  2:08  SCV  
  21  2:12  Barracks Reactor  
  21  2:20  SCV  
  22  2:34  SCV  
  23  2:37  Command Center  
  23  2:46  SCV  
  24  2:55  Hellion x2, Barracks Tech Lab  
  28  2:58  SCV  
  29  3:10  SCV  
  30  3:22  SCV  
  30  3:23  Supply Depot  
  31  3:29  Cyclone x2  
  37  3:34  Marine  
  37  3:35  SCV  
  37  3:41  Barracks  
  39  3:47  SCV  
  36  4:11  SCV  
  36  4:12  Orbital Command  
  36  4:14  Marine  
  36  4:15  Stimpack  
  37  4:25  SCV, Starport  
  37  4:28  Factory Tech Lab  
  38  4:36  Barracks  
  38  4:39  Marauder  
  38  4:40  SCV x2, Marine  
  38  4:42  Marine  
  44  4:52  SCV, Siege Tank  
  48  4:56  SCV  
  49  5:01  Marine x2  
  49  5:02  Marauder  
  49  5:06  Medivac  
  55  5:09  SCV  
  55  5:11  Supply Depot, SCV  
  57  5:19  Marine x2  
  59  5:22  SCV  
  59  5:25  Marauder  
  59  5:26  Barracks Tech Lab  
  62  5:32  SCV, Siege Tank, Supply Depot  
  66  5:41  SCV  
  67  5:44  Supply Depot, SCV, Starport Reactor  
  67  5:48  Medivac  
  67  5:49  Barracks  
  70  5:54  Marine x2, Marauder x2  
  70  5:55  SCV  
  77  6:06  Engineering Bay  
  77  6:07  SCV  
  77  6:10  SCV, Engineering Bay  
  79  6:11  Siege Tank  
  82  6:18  Marine  
  82  6:19  Marine, Marauder  
  82  6:21  Concussive Shells  
  86  6:25  Refinery  
  86  6:27  Refinery  
  86  6:31  Supply Depot, Marine  
  86  6:32  SCV x2  
  89  6:34  Supply Depot  
  89  6:41  Terran Infantry Weapons Level 1  
  89  6:42  Marine x2  
  89  6:43  Marauder  
  93  6:55  Bunker  
  93  6:56  Bunker  
  80  7:17  Marine x3, Marauder  
  82  7:28  Marauder  
  82  7:29  Siege Tank  
  87  7:34  Marine  
  87  7:35  Marine, Starport Reactor  
  89  7:39  SCV x2, Barracks  
  89  7:41  Barracks  
  89  7:42  Armory  
  91  7:44  Barracks Reactor  
  91  7:55  Command Center  
  79  8:18  Marine x2  
  79  8:19  Siege Tank, Marauder x2  
  85  8:20  Medivac  
  93  8:43  Barracks Reactor, Barracks Tech Lab  
  93  8:47  Barracks  
Show
View Real Time Build Order
Export as new Build Order

Thoward Protoss 

Build Orders: Zealot Archon 

Get SALT Encoding   

  12  0:01  Probe  
  13  0:13  Probe  
  14  0:19  Pylon  
  14  0:25  Probe  
  15  0:37  Gateway  
  15  0:39  Probe  
  16  0:46  Assimilator  
  16  0:51  Probe  
  17  1:03  Probe  
  18  1:15  Probe  
  18  1:16  Pylon  
  19  1:27  Probe  
  20  1:36  Assimilator  
  20  1:39  Probe  
  21  1:40  Cybernetics Core  
  21  1:51  Probe  
  22  2:04  Probe  
  22  2:08  Warp Gate, Nexus  
  23  2:19  Stalker  
  23  2:22  Probe  
  25  2:34  Probe  
  25  2:36  Gateway  
  26  2:46  Probe  
  26  2:49  Pylon  
  27  2:58  Probe  
  30  3:00  Stalker  
  30  3:10  Probe  
  31  3:17  Robotics Facility  
  31  3:20  Pylon  
  31  3:22  Probe  
  31  3:25  Probe  
  33  3:34  Probe  
  33  3:37  Probe  
  35  3:42  Gateway  
  35  3:43  Probe  
  35  3:45  Probe  
  36  3:51  Probe  
  36  4:06  Warp Prism  
  38  4:12  Probe x2  
  40  4:17  Twilight Council  
  40  4:18  Pylon  
  40  4:23  Assimilator  
  40  4:24  Probe x2  
  42  4:27  Assimilator  
  42  4:36  Probe x2  
  42  4:37  Charge, Sentry x2  
  48  4:48  Probe x2  
  50  4:53  Forge  
  50  4:56  Shield Battery  
  50  5:03  Templar Archives  
  50  5:07  Probe x2  
  52  5:15  Protoss Ground Weapons Level 1  
  52  5:19  Probe x2  
  54  5:31  Probe x2  
  56  5:40  High Templar x2  
  56  5:41  High Templar  
  62  5:43  Pylon  
  62  5:50  Gateway, Archon  
  62  5:51  Gateway  
  62  5:54  Pylon  
  62  5:56  Pylon  
  62  6:02  Nexus  
  62  6:06  Immortal  
  66  6:12  High Templar, Psionic Storm  
  66  6:15  Probe x2  
  66  6:16  Archon  
  70  6:27  Probe x2  
  72  6:39  Probe x2  
  74  6:44  Shield Battery  
  74  6:45  Shield Battery  
  74  6:47  Zealot x3  
  66  6:48  Pylon  
  66  6:53  Zealot x2  
  74  7:08  Zealot x3  
  66  7:14  Immortal  
  57  7:15  Zealot x2  
  61  7:29  Zealot x3  
  63  7:39  Zealot x2  
  67  7:47  Zealot x2  
  67  7:49  Immortal  
  75  8:01  Zealot x3  
  65  8:14  Zealot x2  
  65  8:31  Gateway  
  59  8:35  Zealot  
  59  8:36  Zealot x3  
  59  8:37  Gateway  
  59  8:38  Gateway  
Tags
 
Composition
Zealot Archon
Matchup
PvT
Replay Pack
replaypack1
Spawn Locations
Cross Positions
Add a new tag
Caveats
  • Supply blocks, unpowered buildings, or Contaminate may cause inaccurate times.
  • Supply counts are checked every 10 seconds.